 Dungeon Crawl Stone Soup version 0.25.1-2-g60ff931df9 (webtiles) character file.

Game seed: 12165989176208655730

10565 Exodus22XD the Cleaver (level 11, -5/99 HPs)
             Began as a Deep Dwarf Fighter on Oct 17, 2020.
             Was a High Priest of Makhleb.
             Killed from afar by a starcursed mass (7 damage)
             ... with an accursed screaming
             ... on level 1 of the Abyss.
             The game lasted 00:26:11 (9663 turns).

Exodus22XD the Cleaver (Deep Dwarf Fighter)         Turns: 9663, Time: 00:26:12

Health: -5/99      AC: 17    Str: 28    XL:     11   Next: 37%
Magic:  13/13      EV: 12    Int: 10    God:    Makhleb [*****.]
Gold:   1012       SH: 12    Dex: 12    Spells: 10/10 levels left

rFire    . . .     SeeInvis .   O - +3 hand axe (vorpal)
rCold    + . .     Gourm    .   c - +0 kite shield
rNeg     . . .     Faith    .   K - +1 ring mail {rC+}
rPois    .         Spirit   .   v - +2 hat
rElec    .         Reflect  .   J - +0 cloak
rCorr    +         Harm     .   M - +2 pair of gloves
MR       +....                  B - +2 pair of boots
Stlth    +.........             (no amulet)
HPRegen  0.00/turn              C - ring of resist corrosion
MPRegen  0.13/turn              I - +6 ring of strength

@: lethally poisoned (-5 -> -7), non-regenerating
A: damage resistance, heal wounds, sense surroundings 2, no regeneration
a: Heal Wounds, Minor Destruction, Lesser Servant of Makhleb, Major Destruction,
Greater Servant of Makhleb, Renounce Religion


You were on level 1 of the Abyss.
You worshipped Makhleb.
Makhleb was extremely pleased with you.
You were not hungry.

You visited 2 branches of the dungeon, and saw 11 of its levels.
You visited the Abyss 1 time.
You also visited: Ossuary and Bailey.

You collected 1012 gold pieces.

Inventory:

Hand Weapons
 a - a +0 war axe
 z - a +0 flail
 O - a +3 vorpal hand axe (weapon)
Armour
 c - a +0 kite shield (worn)
 v - a +2 hat (worn)
 B - a +2 pair of boots (worn)
 D - a +0 chain mail
 J - a +0 cloak (worn)
 K - a +1 ring mail of cold resistance (worn)
 M - a +2 pair of gloves (worn)
Jewellery
 C - a ring of resist corrosion (left hand)
 I - a +6 ring of strength (right hand)
Wands
 m - a wand of paralysis (14)
 F - a wand of random effects (20)
 H - a wand of digging (4)
 N - a wand of flame (13)
Scrolls
 b - 2 scrolls of enchant armour
 e - 5 scrolls of magic mapping
 n - 2 scrolls of remove curse
 q - a scroll of blinking
 r - a scroll of acquirement {unknown}
 t - 4 scrolls of teleportation {unknown}
 u - 5 scrolls of immolation
 w - a scroll of fog {unknown}
 L - 2 scrolls of amnesia {unknown}
 P - a scroll of vulnerability
Potions
 d - 4 potions of might
 g - a potion of mutation {unknown}
 h - 3 potions of lignification {unknown}
 i - a potion of ambrosia {unknown}
 j - a potion of cancellation {unknown}
 k - a potion of brilliance
 l - 9 potions of heal wounds
 o - 2 potions of invisibility
 p - 2 potions of degeneration {unknown}
 s - a potion of berserk rage
 A - 5 potions of stabbing
 E - 8 potions of curing {unknown}
 G - 3 potions of haste {unknown}
 Q - 2 potions of flight {unknown}
Comestibles
 f - 20 rations
 x - 11 chunks of flesh


   Skills:
 + Level 6.8 Fighting
 + Level 11.9 Axes
 + Level 7.4 Armour
 + Level 5.0 Dodging
 + Level 9.0 Shields
 * Level 8.5 Invocations


You had 10 spell levels left.
You didn't know any spells.
Your spell library contained the following spells:

 Spells                   Type           Power        Failure   Level  Hunger
 Corona                   Hex            #......      75%         1    ##.....
 Summon Small Mammal      Summ           #...         75%         1    ##.....
 Call Imp                 Summ           #.......     86%         2    ###....
 Ensorcelled Hibernation  Hex/Ice        #.....       86%         2    ###....
 Sticks to Snakes         Tmut           #.......     86%         2    ###....
 Call Canine Familiar     Summ           #.......     98%         3    ####...
 Confusing Touch          Hex            #.......     98%         3    ####...
 Dazzling Flash           Conj/Hex       #.....       98%         3    ####...
 Gell's Gravitas          Tloc           #.........   98%         3    ####...
 Recall                   Summ/Tloc      N/A          98%         3    ####...
 Summon Guardian Golem    Hex/Summ       #.......     98%         3    ####...
 Tukima's Dance           Hex            #.......     98%         3    ####...
 Animate Dead             Necr           N/A          100%        4    #####..
 Ice Form                 Ice/Tmut       #.......     100%        4    #####..
 Petrify                  Tmut/Erth      #.......     100%        4    #####..
 Summon Ice Beast         Ice/Summ       #.......     100%        4    #####..
 Summon Lightning Spire   Summ/Air       #.......     100%        4    #####..
 Borgnjor's Vile Clutch   Necr/Erth      #.........   100%        5    ######.
 Iskenderun's Battlesphe  Conj/Chrm      #.......     100%        5    ######.
 Metabolic Englaciation   Hex/Ice        #.........   100%        5    ######.
 Yara's Violent Unravell  Hex/Tmut       #.........   100%        5    ######.
 Death Channel            Necr           #.........   100%        6    #######
 Simulacrum               Ice/Necr       #.........   100%        6    #######


Dungeon Overview and Level Annotations

Branches:
Dungeon (10/15)            Temple (1/1) D:4             Orc (0/2) D:9
Ossuary (visited)          Bailey (visited)
   Lair: D:8-11

Altars:
Ashenzari
Cheibriados
Dithmenos
Elyvilon
Fedhas
Gozag
Hepliaklqana
Kikubaaqudgha
Makhleb
Nemelex Xobeh
Okawaru
Qazlal
Ru
Sif Muna
Trog
Uskayaw
Vehumet
Wu Jian
Xom
Yredelemnul
Zin
The Shining One

Shops:
D:6 [   D:8 *   D:9 !

Annotations:
D:9 Erolcha


Innate Abilities, Weirdness & Mutations

You are resistant to damage.
You can heal yourself by infusing magical energy.
You passively map the area around you.
You do not regenerate.


Message History

* * * LOW HITPOINT WARNING * * *
You are poisoned.
The orange demon poisons you! The hell hound breathes flames at you.
The blast of flame hits you!!
* * * LOW HITPOINT WARNING * * *
The hell hound bites you but does no damage.
Okay, then.
As you read the scroll of fear, it crumbles to dust.
You assume a fearsome visage.
The human skeleton is unaffected.
The starcursed mass is unaffected.
The orange demon is unaffected.
The rakshasa is unaffected.
The hell hound is unaffected.
The ancient zyme is unaffected.
The starcursed mass is unaffected.
The hell hound is unaffected. x3; The starcursed mass is unaffected.
* * * LOW HITPOINT WARNING * * *
You feel sick. The hell hound barely misses you.
The orange demon stings you from afar.
* * * LOW HITPOINT WARNING * * *
A chorus of shrieks assaults your mind.
You die...

.# # .. . # # # .##.
.##.. ###..#. . ..#
###..#.#. ..#....
###...#..## .#....#.
#........# .. . h#.
#...# . #.# .
##@#####.####.##.##
#hhh.X......h#..##
#.#hx4.##.##.###.#..
###.#.R##.. h.# .. .
##...#.#X.#..### # X#
#.....#.##X.##.....#X
##..Z...#...#....# .
###..#.##... .#. ..
......... #.## .....


You could see 3 starcursed masses, a rakshasa, an orange demon, an ancient zyme,
4 hell hounds and a human skeleton.

Vanquished Creatures
  A two-headed ogre (D:8)
  An orange crystal statue (D:9)
  An ice statue (D:9)
  A hornet (D:8)
  A troll (D:9)
  A hippogriff (D:10)
  A spriggan (D:7)
  13 yaks
  3 hungry ghosts
  A small abomination (Abyss:1)
  2 soldier ants (D:7)
  A water moccasin (D:10)
  3 orc warriors
  2 phantoms (D:9)
  An ice beast (D:8)
  6 ogres
  3 centaurs
  3 big kobolds
  Blork the orc (D:4)
  2 bullfrogs
  An elf skeleton (D:8)
  9 gnoll sergeants
  3 scorpions
  9 killer bees
  3 wights (D:8)
  4 howler monkeys
  A bullfrog zombie (D:8)
  6 crimson imps
  6 gnoll shamans (Bailey)
  10 hounds
  A jelly (D:10)
  11 orc wizards
  3 centaur skeletons
  7 orc priests
  A bullfrog skeleton (D:5)
  4 human skeletons (D:8)
  Natasha (thrice) (D:2)
  6 iguanas
  11 worker ants
  A killer bee zombie (D:6)
  A hound skeleton (D:7)
  8 mummies (Ossuary)
  A howler monkey skeleton (D:8)
  18 gnolls
  12 adders
  3 shadow imps
  3 oozes
  7 worms
  4 leopard geckos
  50 orcs
  6 bats
  8 giant cockroaches
  2 gnoll zombies (Ossuary)
  8 goblins
  9 hobgoblins
  9 jackals
  7 quokkas
  2 frilled lizards (D:2)
  3 hobgoblin zombies (Ossuary)
  16 kobolds
  2 kobold zombies (Ossuary)
  A leopard gecko skeleton (D:7)
  An orc skeleton (D:8)
  An orc zombie (Ossuary)
  2 quokka zombies (D:5)
  7 rats
  2 butterflies (D:7)
341 creatures vanquished.

Notes
Turn   | Place    | Note
-------+----------+-------------------------------------------
     0 | D:1      | Exodus22XD the Deep Dwarf Fighter began the quest for the
                  | Orb.
     0 | D:1      | Reached XP level 1. HP: 20/20 MP: 1/1
   302 | D:1      | Reached XP level 2. HP: 21/28 MP: 2/2
   511 | D:1      | Reached XP level 3. HP: 20/34 MP: 3/3
   734 | D:2      | Noticed Natasha
   744 | D:2      | Killed Natasha
   785 | D:2      | Reached skill level 3 in Axes
   799 | D:2      | Noticed Natasha
   805 | D:2      | Killed Natasha
   805 | D:2      | Reached XP level 4. HP: 19/42 MP: 4/4
  1046 | D:2      | Reached skill level 1 in Dodging
  1132 | D:2      | Reached XP level 5. HP: 21/49 MP: 5/5
  1132 | D:2      | Noticed Natasha
  1145 | D:2      | Killed Natasha
  1145 | D:2      | Reached skill level 4 in Axes
  1612 | D:3      | Reached XP level 6. HP: 16/57 MP: 5/5
  1912 | D:3      | Found an ornate altar of the Wu Jian Council.
  1989 | D:3      | Found a bloodstained altar of Trog.
  1990 | D:3      | Found a shimmering blue altar of Sif Muna.
  2398 | D:4      | Reached skill level 5 in Axes
  2419 | D:4      | Found a shadowy altar of Dithmenos.
  2566 | D:4      | Reached XP level 7. HP: 34/64 MP: 6/6
  2648 | D:4      | Found a shimmering altar of Xom.
  2756 | D:4      | Found a staircase to the Ecumenical Temple.
  2800 | Temple   | Entered the Ecumenical Temple
  2829 | Temple   | Became a worshipper of Makhleb the Destroyer
  2991 | D:4      | Noticed Blork the orc
  3003 | D:4      | Killed Blork the orc
  3003 | D:4      | Reached skill level 6 in Axes
  3292 | D:5      | Entered Level 5 of the Dungeon
  3302 | D:5      | Reached skill level 5 in Shields
  3447 | D:5      | Reached skill level 5 in Armour
  3457 | D:5      | Found a shattered altar of Ashenzari.
  3846 | D:5      | Reached skill level 7 in Axes
  3846 | D:5      | Reached XP level 8. HP: 47/73 MP: 6/6
  4138 | D:5      | Found a burning altar of Makhleb.
  4258 | D:6      | Found a glowing silver altar of Zin.
  4315 | D:6      | Reached * piety under Makhleb
  4525 | D:6      | Identified Asedi's Grimoire of Changing and Protection
  4747 | D:6      | Reached skill level 8 in Axes
  4747 | D:6      | Reached skill level 1 in Invocations
  4798 | D:6      | Found Otucip's Armour Emporium.
  4957 | D:6      | Found a glowing silver altar of Zin.
  5076 | D:7      | HP: 1/73 [ogre/+0 giant club (23)]
  5080 | D:7      | Reached skill level 5 in Fighting
  5347 | D:7      | Gained mutation: You passively map the area around you.
                  | [Deep Dwarf growth]
  5347 | D:7      | Reached XP level 9. HP: 37/81 MP: 6/6
  5378 | D:7      | Found a hazy altar of Hepliaklqana.
  5661 | D:7      | Found a runed translucent door.
  5686 | D:7      | Found a runed translucent door.
  5708 | D:7      | Reached ** piety under Makhleb
  6005 | D:7      | Reached skill level 9 in Axes
  6159 | D:8      | Found Jokei's General Store.
  6292 | D:8      | Found a sand-covered staircase.
  6300 | Ossuary  | Entered an ossuary
  6553 | D:8      | Noticed a two-headed ogre
  6572 | D:8      | Killed a two-headed ogre
  6572 | D:8      | Reached skill level 10 in Axes
  6572 | D:8      | Reached skill level 5 in Invocations
  6572 | D:8      | Reached XP level 10. HP: 41/91 MP: 9/9
  6649 | D:8      | Reached *** piety under Makhleb
  6692 | D:8      | Paralysed by a hornet for 3 turns
  6994 | D:8      | Found a blossoming altar of Fedhas.
  7133 | D:8      | Got a faintly humming leather armour
  7165 | D:8      | Identified the cursed +1 leather armour "Turchoire" {rPois
                  | rF- rCorr Int-4} (You found it on level 8 of the Dungeon)
  7298 | D:9      | Found an ancient bone altar of Kikubaaqudgha.
  7355 | D:9      | Found Gacsurghory's Distillery.
  7483 | D:9      | Noticed an orange crystal statue
  7507 | D:9      | Killed an orange crystal statue
  7599 | D:9      | Noticed an ice statue
  7622 | D:9      | Killed an ice statue
  7692 | D:9      | Reached skill level 11 in Axes
  7844 | D:9      | Noticed Erolcha
  7860 | D:10     | Entered Level 10 of the Dungeon
  7871 | D:10     | Reached **** piety under Makhleb
  8233 | D:10     | Reached XP level 11. HP: 95/99 MP: 12/12
  8274 | D:10     | Found a flagged portal.
  8283 | Bailey   | Entered a bailey
  8825 | D:10     | Reached ***** piety under Makhleb
  9373 | D:9      | Found a staircase to the Orcish Mines.
  9443 | D:9      | Reached skill level 5 in Dodging
  9539 | D:9      | Cast into level 1 of the Abyss (Erolcha)
  9539 | Abyss:1  | Found a hazy altar of Hepliaklqana.
  9624 | Abyss:1  | Noticed a starcursed mass
  9643 | Abyss:1  | Noticed a rakshasa
  9663 | Abyss:1  | HP: 3/99 [poisoned by an orange demon]
  9663 | Abyss:1  | Killed from afar by a starcursed mass

Illustrated notes

Levels and vault maps discovered:
D:1:      elethiomel_arrival_maze, layout_loops_ring, minmay_misc_feat_five
D:2:      layout_loops_ring, uniq_natasha
D:3:      layout_basic, gammafunk_temple_overflow_pools,
          overflow_temple_1_default
D:4:      minmay_door_path, layout_basic, lemuel_doored_altar,
          nicolae_overflow_hidden_temple, first_ration, nicolae_zen_rock_garden,
          uniq_blork_the_orc
D:5:      layout_loops_corners, nicolae_ashenzari_panopticon,
          makhleb_blood_cavern_becter
D:6:      layout_basic, lemuel_coloured_pillars_altar, basic_altar,
          serial_shops, kennysheep_mini_moat, minmay_between
D:7:      lemuel_insect_pit, layout_basic, marbit_many_paths, minivault_27,
          the_bakery
D:8:      layout_rooms, kennysheep_little_box, serial_shops,
          nicolae_shop_crystal, nicolae_ossuary_entry_catacombs,
          corexii_leaking_fountain, due_unseen_surprise
D:9:      minmay_separated_statues, layout_irregular_city,
          kiku_gazebo_pond_becter, serial_shops, shop_statue,
          minmay_starry_boxes, uniq_erolcha
D:10:     layout_loops_ring, enter_bailey_8, nrook_loot_triangle,
          eino_small_chamber_without_monster
Temple:   minmay_temple_bridge_abc
Abyss:1:  base: D:3, hangedman_abyss_overflow_altar,
          hangedman_abyss_or_decor_stagger

Skill      XL: |  1  2  3  4  5  6  7  8  9 10 11 |
---------------+----------------------------------+-----
Fighting       | 3 4 5 6 |  6.8
Axes           | 3 4 5 7 8 10 11 | 11.9
Shields        | 4 5 6 7 8 9 |  9.0
Dodging        | 1 2 3 4 5 |  5.0
Armour         | 4 5 6 7 |  7.4
Invocations    | 2 5 7 8 |  8.5

Action                   |  1- 3 |  4- 6 |  7- 9 | 10-12 || total
-------------------------+-------+-------+-------+-------++-------
Melee: War axe           |    82 |   199 |   675 |    34 ||   990
       Hand axe          |       |       |       |   542 ||   542
 Abil: Heal Wounds       |     2 |     8 |    15 |     8 ||    33
Evoke: Wand              |       |       |       |     1 ||     1
  Use: Potion            |       |     1 |       |     1 ||     2
       Scroll            |       |       |    13 |     5 ||    18
  Eat: Chunk             |       |     6 |    16 |    16 ||    38
Armor: Scale mail        |    28 |   137 |    42 |       ||   207
       Chain mail        |       |       |   281 |    22 ||   303
       Ring mail         |       |       |       |   181 ||   181
Dodge: Dodged            |    24 |    80 |   182 |   231 ||   517
Block: Kite shield       |    52 |   132 |   358 |   355 ||   897
